 Dungeon Crawl Stone Soup version 0.28-a0-657-g71136c5590 (webtiles) character file.

Game seed: 10930394058131808866

201 jsc133 the Skirmisher (level 5, -2/48 HPs)
             Began as a Minotaur Berserker on Oct 13, 2021.
             Was a Follower of Trog.
             Killed from afar by an orc wizard (6 damage)
             ... with a puff of flame
             ... on level 6 of the Dungeon.
             The game lasted 00:05:14 (625 turns).

jsc133 the Skirmisher (Minotaur Berserker)           Turns: 625, Time: 00:05:14

Health: -2/48      AC:  5    Str: 22    XL:     5   Next: 50%
Magic:  4/4        EV: 11    Int:  4    God:    Trog [*.....]
Gold:   22         SH:  0    Dex: 10    Spells: 4/4 levels left

rFire   . . .      SeeInvis .   a - +2 falchion
rCold   . . .      Faith    .   (no shield)
rNeg    . . .      Spirit   .   c - +0 ring mail
rPois   .          Reflect  .   (helmet restricted)
rElec   .          Harm     .   (no cloak)
rCorr   .          Rampage  .   (no gloves)
Will    .....                   (no boots)
Stlth   ..........              (no amulet)
HPRegen 0.16/turn               (no ring)
MPRegen 0.09/turn               (no ring)

@: confused, on berserk cooldown, slowed, very slow
A: horns 2, retaliatory headbutt
a: Renounce Religion, Berserk


You were on level 6 of the Dungeon.
You worshipped Trog.
Trog was aware of your devotion.
You visited 1 branch of the dungeon, and saw 6 of its levels.

You collected 61 gold pieces.
You spent 39 gold pieces at shops.

Inventory:

Hand Weapons
 a - a +2 falchion (weapon)
 d - a +0 hunting sling
Missiles
 f - 10 poisoned darts (quivered)
Armour
 b - a +0 animal skin
 c - a +0 ring mail (worn)
 h - a +0 cloak
Jewellery
 g - a ring of flight
Potions
 e - a potion of curing


   Skills:
 + Level 5.3 Fighting
 + Level 5.1 Long Blades
 + Level 3.5 Armour
 + Level 3.2 Dodging


You had 4 spell levels left.
You didn't know any spells.
Your spell library contained the following spells:

 Spells                   Type           Power      Damage    Failure   Level
 Gell's Gravitas          Tloc           0%         N/A       95%         3
 Lesser Beckoning         Tloc           0%         N/A       95%         3
 Teleport Other           Tloc           0%         N/A       95%         3


Dungeon Overview and Level Annotations

Branches:
Dungeon (6/15)
 Temple: D:4-7

Altars:

Shops:
D:4 !


Innate Abilities, Weirdness & Mutations

You have a pair of horns on your head.
You reflexively headbutt those who attack you in melee.


Message History

You slide downwards.
The hatch slams shut behind you.
The orc wizard shouts! x2
Found 7 gold pieces.
The orc wizard points at you and mumbles some strange words.
You resist with some effort.
Found a robe.
The ufetubus hits you. x2
* * * LOW HITPOINT WARNING * * *
You barely miss the ufetubus. The ufetubus barely misses you.
You furiously retaliate!
You headbutt the ufetubus!
You kill the ufetubus!
Trog accepts your kill.
An ufetubus comes into view.
The ufetubus shouts!
You hit the orc wizard but do no damage.
The orc wizard casts a spell at you.
You are confused.
You closely miss the orc wizard. The orc wizard barely misses you.
The orc wizard hits you with a +0 dagger.
* * * LOW HITPOINT WARNING * * *
You're still recovering from your berserk rage.
The orc wizard casts a spell at you. The puff of flame hits you.
* * * LOW HITPOINT WARNING * * *
The orc wizard casts a spell at you.
You are more confused.
The ufetubus closely misses you. x2
The orc wizard casts a spell.
The orc wizard flickers and vanishes!
Deactivating autopickup; reactivate with Ctrl-A.
Autopickup is now on.
You're still recovering from your berserk rage.
You hit the orc wizard.
The orc wizard is moderately wounded.
The ufetubus barely misses you.
The ufetubus hits you but does no damage. x2
The ufetubus hits you.
* * * LOW HITPOINT WARNING * * *
The orc wizard gestures at you while chanting.
The puff of flame hits you.
You die...

##....# ...[.#
....# #.. .$.#
### #.. #...
.... ..o.
#..###.....
.....#...5......
#....#.o@#
#.....{..#
##......##
#...#..#
##..#..# ## #..#
#... ##.. #...


You could see an orc wizard and an ufetubus.

Vanquished Creatures
  A necrophage (D:5)
  A howler monkey (D:4)
  3 gnolls (D:5)
  2 adders (D:3)
  An ufetubus (D:6)
  2 ball pythons
  2 endoplasms
  3 goblins
  2 hobgoblins
  A kobold (D:4)
  2 quokkas
  A frilled lizard (D:1)
  2 rats
23 creatures vanquished.

Notes
Turn   | Place    | Note
-------+----------+-------------------------------------------
     0 | D:1      | jsc133 the Minotaur Berserker began the quest for the Orb.
     0 | D:1      | Reached XP level 1. HP: 19/19 MP: 0/0
   375 | D:2      | Reached XP level 2. HP: 27/27 MP: 1/1
   475 | D:3      | Reached XP level 3. HP: 24/33 MP: 2/2
   483 | D:4      | Found Fil Amme's Distillery.
   537 | D:4      | Reached XP level 4. HP: 26/41 MP: 3/3
   544 | D:4      | Bought a potion of curing for 39 gold pieces
   568 | D:5      | Entered Level 5 of the Dungeon
   568 | D:5      | Noticed a necrophage
   574 | D:5      | Killed a necrophage
   575 | D:5      | Reached skill level 5 in Fighting
   575 | D:5      | Reached skill level 5 in Long Blades
   575 | D:5      | Reached XP level 5. HP: 39/48 MP: 4/4
   625 | D:6      | Killed from afar by an orc wizard

Illustrated notes

Levels and vault maps discovered:
D:1:      dpeg_arrival_concentric_ovals, layout_loops_ring, serial_forest,
          infiniplex_forest_pool, infiniplex_forest_fountain,
          infiniplex_forest_join, infiniplex_forest_straight_2,
          infiniplex_forest_straight_2, infiniplex_forest_zigzag_2
D:2:      wad_pebble_path, layout_basic, minmay_rat_hole
D:3:      layout_basic, hellmonk_ecumenical_altar_run_dry,
          kennysheep_big_empty_room, minmay_misc_feat_roman
D:4:      layout_loops_ring, mainiacjoe_overflow_small_starburst,
          nicolae_wu_jian_glorious_leap, serial_shops, shop, shop,
          shop_fountains, shop, nicolae_shop_waterfront, uniq_menkaure,
          uniq_pikel
D:5:      minmay_skewed_foursquare, layout_loops_ring,
          mainiacjoe_overflow_alcove_2, serial_shops, shop,
          ebering_ghost_reflecting_pool
D:6:      minmay_flawed_box, layout_rooms, kennysheep_generic_room_8,
          uniq_eustachio

Skill      XL: |  1  2  3  4 |
---------------+-------------+-----
Long Blades    | 4 5 |  5.1
Fighting       | 4 5 |  5.3
Armour         | 3 |  3.5
Dodging        | 3 |  3.2

Action                   |  1- 3 |  4- 6 || total
-------------------------+-------+-------++-------
Melee: Falchion          |    39 |    23 ||    62
       Headbutt          |     6 |     3 ||     9
Invok: Berserk           |       |     1 ||     1
  Use: Scroll            |     2 |       ||     2
       Potion            |       |     1 ||     1
Armor: Ring mail         |    16 |     6 ||    22
Dodge: Dodged            |    14 |    23 ||    37

Table legend: (Time is in decaauts)
 A = Elapsed time spent in this place.
 B = Non-inter-level travel time spent in this place.
 C = Inter-level travel time spent in this place.
 D = Time resting spent in this place.
 E = Time spent auto-exploring this place.
 F = Levels seen in this place.
 G = Mean time per level.
                   A        B        C        D        E       F      G
               +--------+--------+--------+--------+--------+-----+--------+
         Total |    632 |    632 |      0 |      0 |      0 |   6 |  105.3 |
       Dungeon |    632 |    632 |      0 |      0 |      0 |   6 |  105.3 |
               +--------+--------+--------+--------+--------+-----+--------+

Top non-repeatable levels by time:
     D:1: 242 daAuts
     D:2: 164 daAuts
     D:4: 89 daAuts
     D:3: 74 daAuts
     D:5: 49 daAuts
     D:6: 12 daAuts
